 Dungeon Crawl Stone Soup version 0.31-a0-691-g409c26aa35 (webtiles) character file.

Game seed: 17092506165178561526

195 iamoutofideas the Chopper (level 5, -1/70 HPs)
             Began as a Hill Orc Berserker on Sept 7, 2023.
             Was a Priest of Trog.
             Slain by an iguana (3 damage)
             ... on level 4 of the Dungeon.
             The game lasted 00:02:26 (2771 turns).

iamoutofideas the Chopper (Hill Orc Berserker)      Turns: 2771, Time: 00:02:27

Health: -1/70      AC:  6    Str: 22    XL:     5   Next: 74%
Magic:  5/5        EV: 11    Int:  7    God:    Trog [***...]
Gold:   172        SH:  0    Dex: 10    Spells: 4/4 levels left

rFire   . . .        a - +0 hand axe
rCold   . . .        (no shield)
rNeg    . . .        g - +0 ring mail
rPois   .            (no helmet)
rElec   .            f - +0 cloak
rCorr   .            (no gloves)
SInv    .            (no boots)
Will    .....        (no amulet) Stlth
                     (no ring)
HPRegen 0.31/turn    (no ring)
MPRegen 0.09/turn

%: no passive effects
@: berserking, very quick
A: no striking features
a: Renounce Religion, Berserk, Trog's Hand


You were on level 4 of the Dungeon.
You worshipped Trog.
Trog was most pleased with you.
You visited 1 branch of the dungeon, and saw 4 of its levels.

You collected 172 gold pieces.

Inventory:

Hand Weapons
 a - a +0 hand axe (weapon)
Armour
 b - a +0 animal skin
 f - a +0 cloak (worn)
 g - a +0 ring mail (worn)
Scrolls
 c - 4 scrolls of identify {unknown}
 e - a scroll of poison {unknown}
 i - a scroll of vulnerability {unknown}
 j - a scroll of teleportation {unknown}
 l - a scroll of revelation {unknown}
 m - a scroll of immolation
 n - a scroll of fog {unknown}
 o - a scroll of torment {unknown}
Potions
 d - 3 potions of curing {unknown}
 h - a potion of degeneration {unknown}
 k - a potion of mutation {unknown}


   Skills:
 + Level 4.6 Fighting
 + Level 6.2 Axes
 + Level 3.4 Armour
 + Level 2.2 Dodging
 + Level 0.2 Stealth


You had 4 spell levels left.
You didn't know any spells.
Your spell library was empty.

Dungeon Overview and Level Annotations

Branches:
Dungeon (4/15)
 Temple: D:4-7

Altars:


Message History

The jackal bites you but does no damage.
You hit the jackal.
You kill the jackal!
Trog accepts your kill.
You see here a jackal corpse.
You see here a jackal corpse.
There is a shaft here.
An iguana comes into view.
Found a scroll labelled MYWNINI YGYCEK.
An iguana is nearby!
An iguana is nearby!
You hit the iguana but do no damage. The iguana bites you!
An iguana is nearby!
You barely miss the iguana. The iguana bites you!
You hit the iguana.
The iguana is moderately wounded.
The iguana bites you.
You hit the iguana.
The iguana is heavily wounded.
The iguana bites you.
You are too injured to fight recklessly!
You are too injured to fight recklessly!
You are too injured to fight recklessly!
You hit the iguana but do no damage.
The iguana is heavily wounded.
The iguana barely misses you.
You closely miss the iguana.
The iguana is heavily wounded.
The iguana closely misses you.
You hit the iguana.
The iguana is severely wounded.
The iguana bites you!
* * * LOW HITPOINT WARNING * * *
You hit the iguana but do no damage.
The iguana is severely wounded.
The iguana bites you!
* * * LOW HITPOINT WARNING * * *
A red film seems to cover your vision as you go berserk!
You feel yourself moving faster!
You feel mighty! The iguana bites you.
You die...

.#†# ########.##...#
.<†# #.#....# ##.###
#.#... # ...#.##
#.#.##.#
##^...########......# ##
##.....##........####...
#.#...#.#.######.#....?.
.###.###..## #...# .#
#.....#.# #@#.#
.#######..## #.l.# #.##
##.### ###.# ##.###.##
.# ##...## # #####


You could see an iguana.

Vanquished Creatures
  A scorpion (D:3)
  A jelly (D:3)
  3 adders
  3 worms
  2 dart slugs (D:3)
  6 orcs
  5 endoplasms
  2 giant cockroaches (D:2)
  5 hobgoblins
  2 jackals (D:4)
  2 quokkas
  4 ball pythons
  7 bats
  6 frilled lizards
  3 goblins
  6 kobolds
  7 rats
65 creatures vanquished.

Notes
Turn   | Place    | Note
-------+----------+-------------------------------------------
     0 | D:1      | iamoutofideas the Hill Orc Berserker began the quest for
                  | the Orb.
     0 | D:1      | Reached XP level 1. HP: 19/19 MP: 1/1
   345 | D:1      | Reached XP level 2. HP: 26/27 MP: 2/2
   733 | D:2      | Reached ** piety under Trog
   742 | D:2      | Reached XP level 3. HP: 32/33 MP: 3/3
  1146 | D:2      | You fall into a shaft and drop 2 floors!
  1182 | D:4      | Reached skill level 5 in Axes
  1330 | D:3      | Reached XP level 4. HP: 39/40 MP: 4/4
  2063 | D:3      | Found a faded altar of an unknown god.
  2067 | D:3      | Noticed a scorpion
  2078 | D:3      | Killed a scorpion
  2079 | D:3      | Reached XP level 5. HP: 32/47 MP: 5/5
  2192 | D:3      | Reached skill level 6 in Axes
  2285 | D:3      | Reached *** piety under Trog
  2770 | D:4      | HP: 1/47 [iguana (8)]
  2771 | D:4      | Slain by an iguana

Illustrated notes

Levels and vault maps discovered:
D:1:      lemuel_arrival_room, layout_basic, kennysheep_nondescript
D:2:      layout_loops_corners, chequers_serial_rivers_large_b
D:3:      layout_loops_ring, hellmonk_ecumenical_altar_blasted
D:4:      layout_loops_cross, minivault_5

Skill      XL: |  1  2  3  4  5 |
---------------+----------------+-----
Fighting       | 4 |  4.6
Dodging        | 2 |  2.2
Axes           | 5 6 |  6.2
Armour         | 3 |  3.4
Stealth        | |  0.2

Action                     |  1- 3 |  4- 6 || total
---------------------------+-------+-------++-------
  Melee: Hand axe          |   122 |   113 ||   235
         Punch             |     1 |     1 ||     2
 Invoke: Berserk           |     1 |     1 ||     2
 Armour: Animal skin       |    23 |       ||    23
         Ring mail         |    45 |    69 ||   114
  Dodge: Dodged            |    65 |    59 ||   124

Table legend: (Time is in decaauts)
 A = Elapsed time spent in this place.
 B = Non-inter-level travel time spent in this place.
 C = Inter-level travel time spent in this place.
 D = Time resting spent in this place.
 E = Time spent auto-exploring this place.
 F = Levels seen in this place.
 G = Mean time per level.
                   A        B        C        D        E       F      G
               +--------+--------+--------+--------+--------+-----+--------+
         Total |   2817 |   2743 |     74 |    101 |   2199 |   4 |  704.2 |
       Dungeon |   2817 |   2743 |     74 |    101 |   2199 |   4 |  704.2 |
               +--------+--------+--------+--------+--------+-----+--------+

Top non-repeatable levels by time:
     D:2: 1064 daAuts
     D:3: 855 daAuts
     D:1: 719 daAuts
     D:4: 178 daAuts
